 Dungeon Crawl Stone Soup version 0.30-a0-778-g2ef04afb54 (webtiles) character file.

Game seed: 6447307995541544339

1909959 browni3141 the Conqueror (level 25, 257/257 HPs)
             Began as a Hill Orc Gladiator on Feb 17, 2023.
             Was a High Priest of Okawaru.
             Escaped with the Orb
             ... and 3 runes!
             The game lasted 02:40:56 (49981 turns).

browni3141 the Conqueror (Hill Orc Gladiator)      Turns: 49981, Time: 02:40:57

Health: 257/257    AC: 35    Str: 27    XL:     25   Next: 41%
Magic:  12/12      EV: 18    Int:  8    God:    Okawaru [*****.]
Gold:   4770       SH:  0    Dex: 12    Spells: 23/24 levels left

rFire   + + .      SeeInvis .    b - +5 demon whip "Spellbinder" {antimagic, disrupt, Will+}
rCold   + . .      Faith    .    (no shield)
rNeg    . . .      Spirit   .    P - +10 plate armour "Xasunlomm" {-Cast rF+ rCorr}
rPois   +          Reflect  .    c - +2 hood of the Assassin {Detect Stab+ Stlth++}
rElec   .          Harm     .    N - scarf {rC+ rF+}
rCorr   +          Rampage  .    n - +1 pair of gloves "Kutiddon" {Stlth+}
Will    ++...      NoCast   +    t - +1 pair of boots of Delightful Wonder {Dex+2} Stlth
                                 W - amulet of regeneration
HPRegen 1.42/turn                f - ring of Wegg {EV+5 Slay+5}
MPRegen 0.13/turn                v - ring "Beshreod" {Fly rPois rF+ rCorr Str-2}

@: flying
A: clumsy 1, deformed body, mutation resistance 1, heat vulnerability 1
0: Orb of Zot
}: 3/15 runes: barnacled, slimy, gossamer
a: Renounce Religion, Heroism, Finesse, Duel


You escaped.
You worshipped Okawaru.
Okawaru was extremely pleased with you.
You visited 8 branches of the dungeon, and saw 44 of its levels.
You visited the Abyss 1 time.
You also visited: Bailey.

You collected 6795 gold pieces.
You spent 2025 gold pieces at shops.

Inventory:

Hand Weapons
 a - a +9 battleaxe of draining
 b - the +5 demon whip "Spellbinder" (weapon) {antimagic, disrupt, Will+}
   (You found it on level 5 of the Pits of Slime)

   Will:      It increases your willpower.
 V - the +3 long sword of Kined {freeze, rElec rN+++ Str-3 Dex+4}
   (You found it on level 4 of the Spider Nest)

   Str:       It affects your strength (-3).
   Dex:       It affects your dexterity (+4).
   rElec:     It insulates you from electricity.
   rN:        It renders you almost immune to negative energy.
 Y - the +9 battleaxe of Xuwan {freeze, *Noise rElec Str+7}
   (Okawaru gifted it to you on level 4 of the Pits of Slime)

   Str:       It affects your strength (+7).
   rElec:     It insulates you from electricity.
   *Noise:    It may make noises in combat.
Missiles
 o - 22 atropa-tipped darts
 B - 28 silver javelins (quivered)
 D - 17 javelins
 I - 2 silver boomerangs
 S - 8 throwing nets
 T - 10 curare-tipped darts
Armour
 c - the +2 hood of the Assassin (worn) {Detect Stab+ Stlth++}
   (You found it on level 4 of the Shoals)

   Detect:    It allows the wearer to sense nearby creatures.
   Stab+:     It allows the wearer to make particularly effective stabbing
   attacks against helpless or unaware enemies with any weapon.
   Stlth:     It makes you much more stealthy.
 n - the +1 pair of gloves "Kutiddon" (worn) {Stlth+}
   (You found it on level 4 of the Spider Nest)

   Stlth:     It makes you more stealthy.
 t - the +1 pair of boots of Delightful Wonder (worn) {Dex+2}
   (You found it on level 7 of the Dungeon)

   Dex:       It affects your dexterity (+2).
 N - a scarf of resistance (worn)
 P - the +10 plate armour "Xasunlomm" (worn) {-Cast rF+ rCorr}
   (You found it on level 3 of the Depths)

   rF:        It protects you from fire.
   -Cast:     It prevents spellcasting.
   rCorr:     It protects you from acid and corrosion.
Jewellery
 f - the ring of Wegg (left hand) {EV+5 Slay+5}
   (You found it on level 5 of the Pits of Slime)

   [ring of evasion]

   EV:        It affects your evasion (+5).
   Slay:      It affects your accuracy & damage with ranged weapons and melee
   (+5).
 g - a ring of see invisible
 r - a ring of protection from fire
 v - the ring "Beshreod" (right hand) {Fly rPois rF+ rCorr Str-2}
   (You found it on level 5 of the Pits of Slime)

   [ring of flight]

   Str:       It affects your strength (-2).
   rF:        It protects you from fire.
   rPois:     It protects you from poison.
   Fly:       It grants you flight.
   rCorr:     It protects you from acid and corrosion.
 y - a ring of willpower
 W - an amulet of regeneration (around neck)
 Z - a ring of protection from cold
Wands
 h - a wand of roots (13)
 M - a wand of mindburst (6)
 U - a wand of light (21)
 X - a wand of digging (9)
Scrolls
 e - 8 scrolls of immolation
 i - 16 scrolls of teleportation
 j - 9 scrolls of vulnerability
 k - 4 scrolls of poison
 m - 4 scrolls of silence
 p - 4 scrolls of torment
 w - 5 scrolls of fear
 A - 3 scrolls of fog
Potions
 d - 17 potions of curing
 q - 4 potions of invisibility
 s - 5 potions of berserk rage
 u - 7 potions of attraction
 x - 4 potions of lignification
 z - 3 potions of flight
 C - 6 potions of mutation
 E - 13 potions of heal wounds
 G - 2 potions of cancellation
 H - 5 potions of haste
 J - a potion of resistance
 L - 5 potions of ambrosia
 Q - 5 potions of might
Miscellaneous
 l - a piece from Xom's chessboard (15/15)
 O - a tin of tremorstones (2/2)
 R - a condenser vane


   Skills:
 O Level 27 Fighting
 - Level 3.2 Maces & Flails
 - Level 18.0 Throwing
 * Level 25.7 Armour
 - Level 11.5 Dodging
 - Level 20.0 Invocations
 - Level 10.0 Evocations


You had 23 spell levels left.
You knew the following spells:

 Your Spells              Type           Power      Damage    Failure   Level
a - Apportation           Tloc           0%         N/A       82%         1

Your spell library contained the following spells:

 Spells                   Type           Power      Damage    Failure   Level
 Beastly Appendage        Tmut           0%         N/A       82%         1
 Freeze                   Ice            0%         1d3       82%         1
 Kiss of Death            Conj/Necr      0%         2d5       82%         1
 Shock                    Conj/Air       0%         1d3       82%         1
 Sting                    Tmut/Pois      0%         1d3       82%         1
 Cigotuvi's Dreadful Rot  Necr/Pois/Air  0%         N/A       91%         2
 Ensorcelled Hibernation  Hex/Ice        0%         N/A       91%         2
 Lesser Beckoning         Tloc           0%         N/A       91%         2
 Passwall                 Tmut/Erth      0%         N/A       91%         2
 Poisonous Vapours        Pois/Air       0%         N/A       91%         2
 Scorch                   Fire           0%         2d5       91%         2
 Static Discharge         Conj/Air       0%         2-2/arc   91%         2
 Sublimation of Blood     Necr           0%         N/A       91%         2
 Wereblood                Tmut           0%         N/A       91%         2
 Dazzling Flash           Conj/Hex       0%         N/A       99%         3
 Frozen Ramparts          Ice            0%         1d1       99%         3
 Gell's Gravitas          Tloc           0%         N/A       99%         3
 Hailstorm                Conj/Ice       0%         3d3       99%         3
 Ignite Poison            Fire/Tmut/Pois 0%         N/A       99%         3
 Inner Flame              Hex/Fire       0%         N/A       99%         3
 Kindle Blastsparks       Fire/Tloc/Air  0%         2d10      99%         3
 Mephitic Cloud           Conj/Pois/Air  0%         N/A       99%         3
 Ozocubu's Armour         Ice            0%         N/A       99%         3
 Portal Projectile        Hex/Tloc       0%         N/A       99%         3
 Spider Form              Tmut/Pois      0%         N/A       99%         3
 Swiftness                Air            0%         N/A       99%         3
 Teleport Other           Tloc           0%         N/A       99%         3
 Vampiric Draining        Necr           0%         2d6       99%         3
 Vhi's Electric Charge    Tloc/Air       0%         N/A       99%         3
 Airstrike                Air            0%         2d(0-16)  100%        4
 Cause Fear               Hex            0%         N/A       100%        4
 Dispel Undead            Necr           0%         3d6       100%        4
 Flame Wave               Conj/Fire      0%         2d4       100%        4
 Ice Form                 Ice/Tmut       0%         N/A       100%        4
 Iskenderun's Mystic Bla  Conj/Tloc      0%         2d3       100%        4
 Leda's Liquefaction      Hex/Erth       0%         N/A       100%        4
 Manifold Assault         Tloc           0%         N/A       100%        4
 Olgreb's Toxic Radiance  Pois           0%         N/A       100%        4
 Petrify                  Tmut/Erth      0%         N/A       100%        4
 Sticky Flame             Conj/Fire      0%         2d3       100%        4
 Alistair's Intoxication  Tmut/Pois      0%         N/A       100%        5
 Arcjolt                  Conj/Air       0%         1d10      100%        5
 Blade Hands              Tmut           0%         N/A       100%        5
 Borgnjor's Vile Clutch   Necr/Erth      0%         N/A       100%        5
 Fireball                 Conj/Fire      0%         3d3       100%        5
 Freezing Cloud           Conj/Ice/Air   0%         6-21      100%        5
 Irradiate                Conj/Tmut      0%         3d11      100%        5
 Lee's Rapid Deconstruct  Erth           0%         3d4*      100%        5
 Lightning Bolt           Conj/Air       0%         1d11      100%        5
 Metabolic Englaciation   Hex/Ice        0%         N/A       100%        5
 Yara's Violent Unravell  Hex/Tmut       0%         3d3       100%        5
 Dispersal                Tloc           0%         N/A       100%        6
 Starburst                Conj/Fire      0%         6d3       100%        6
 Statue Form              Tmut/Erth      0%         N/A       100%        6
 Orb of Destruction       Conj           0%         9d5       100%        7
 Ozocubu's Refrigeration  Ice            0%         4d7       100%        7
 Storm Form               Tmut/Air       0%         N/A       100%        7
 Discord                  Hex            0%         N/A       100%        8
 Disjunction              Tloc           0%         N/A       100%        8
 Lehudib's Crystal Spear  Conj/Erth      0%         10d2      100%        8
 Maxwell's Capacitive Co  Air            0%         ∞         100%        8
 Necromutation            Tmut/Necr      0%         N/A       100%        8
 Death's Door             Necr           0%         N/A       100%        9
 Fire Storm               Conj/Fire      0%         5d1       100%        9
 Polar Vortex             Ice            0%         N/A       100%        9
 Shatter                  Erth           0%         3d5*      100%        9
 Call Canine Familiar     Summ           Unusable   N/A       N/A         3
 Summon Guardian Golem    Hex/Summ       Unusable   N/A       N/A         3
 Animate Armour           Summ/Erth      Unusable   N/A       N/A         4
 Summon Ice Beast         Ice/Summ       Unusable   N/A       N/A         4
 Summon Lightning Spire   Summ/Air       Unusable   N/A       N/A         4
 Death Channel            Necr           Unusable   N/A       N/A         6
 Simulacrum               Ice/Necr       Unusable   N/A       N/A         6
 Summon Cactus Giant      Summ           Unusable   N/A       N/A         6
 Haunt                    Necr/Summ      Unusable   N/A       N/A         7
 Malign Gateway           Summ/Tloc      Unusable   N/A       N/A         7
 Spellforged Servitor     Conj/Summ      Unusable   N/A       N/A         7

Dungeon Overview and Level Annotations

Branches:
Dungeon (15/15)            Temple (0/1) D:6            Lair (5/5) D:8
 Shoals (4/4) Lair:3       Spider (4/4) Lair:3        Slime (5/5) Lair:4
    Orc (2/2) D:9             Elf (0/3) Orc:2        Vaults (0/5) D:13
 Depths (4/4) D:15            Zot (5/5) Depths:4     Bailey (visited)

Altars:
Ashenzari
Cheibriados
Dithmenos
Elyvilon
Fedhas
Gozag
Kikubaaqudgha
Makhleb
Nemelex Xobeh
Okawaru
Qazlal
Ru
Trog
Uskayaw
Vehumet
Xom
The Shining One
Beogh
Jiyva
Lugonu

Shops:
D:5 =   D:12 (   Orc:2 !*:(   Shoals:1 *   Shoals:2 (   Shoals:4 (

Portals:
Hell: Depths:1 Depths:2 Depths:3 Depths:4
Abyss: Depths:1 Depths:3
Pandemonium: Orc:2 Depths:1 Depths:2
Ziggurat: Depths:4

Annotations:
D:11 exclusion: orange crystal statue
Lair:4 1 runed translucent door, Gayl's ghost, journeyman MiFi
Orc:2 3 runed translucent doors, exclusion: 3 doors, BubbleThief's ghost, journeyman DsNe
Zot:3 Aklawnof's ghost, legendary VSBe


Innate Abilities, Weirdness & Mutations

You are clumsy. (Dex -2)
Armour fits poorly on your strangely shaped body.
You are somewhat resistant to further mutation.
You are vulnerable to heat. (rF-)


Message History

The sun demon shouts! x2
The balrug gestures at you. The bolt of fire hits you. You resist.
There is a stone staircase leading up here.
The sun demon misses you.
You fly upwards.
There is a stone staircase leading down here.
You hit the sun demon but do no damage. You punch the sun demon!
The sun demon is lightly wounded.
The sun demon misses you.
You hit the sun demon but do no damage.
The sun demon is lightly wounded.
The sun demon completely misses you.
You thrash the sun demon!!
You punch the sun demon, but do no damage.
The sun demon is severely wounded.
You whack the sun demon!
The sun demon is almost dead.
The sun demon misses you.
You whack the sun demon!
You kill the sun demon!
Okawaru accepts your kill.
(D) Dungeon (T) Temple (L) Lair (A) Shoals (N) Spider Nest (M) Slime Pits (O) Orcish Mines (E) Elven Halls (V) Vaults (U) Depths (H) Hell (Z) Zot
Where to? (Enter - D:1, ? - help)
There is a stone staircase leading up here.
You fly upwards.
There is a stone staircase leading down here.
You feel like a meek peon again.
There is a stone staircase leading down here.
Things that are here:
a +0 dagger; a goblin skeleton
There is a stone staircase leading up here.
You fly upwards.
There is a stone staircase leading down here.
A reaper comes into view.
It is wielding a +4 scythe of protection.
There is an open door here.
There is a staircase leading out of the dungeon here.
You have escaped!

#..#########.# ##............
#............#####...#########.
#.#######........2.### #. #.#
##.........# #. #.# #.........#
#. #.# #...###.{.###########.
#.########..##.##..............
#...........#...#......#######.
##########..+.@.'..............
#..#...#........######
#..##.##........#
#...###....^....######
#.....................
#.............########
#............## #.##........##
#......######


There were no monsters in sight!

Vanquished Creatures
  the Royal Jelly (Slime:5)
  3 dread liches (Zot:5)
  4 orbs of fire
  4 Killer Klowns (Zot:5)
  Saint Roka (Orc:2)
  2 curse toes (Zot:5)
  7 golden dragons
  Arachne (Spider:2)
  3 bone dragons
  A Brimstone Fiend (Depths:3)
  2 electric golems (Zot:5)
  2 liches
  6 tentacled monstrosities
  Mlioglotl (Shoals:1)
  A walking earthen tome (Depths:4)
  A titan (Depths:2)
  6 quicksilver dragons
  Asterion (Spider:2)
  25 Orb Guardians (Zot:5)
  An Executioner (Abyss:4)
  19 acid blobs
  2 krakens (Shoals:3)
  3 death cobs
  2 tengu reavers
  5 tentacled starspawn
  A sphinx (Depths:1)
  6 shadow dragons
  11 storm dragons
  2 pandemonium lords
  5 draconian monks
  Donald (Orc:2)
  16 azure jellies
  8 rockslimes
  Roxanne (D:15)
  9 frost giants
  2 iron dragons
  A daeva (Abyss:4)
  6 fire giants
  3 draconian scorchers
  8 emperor scorpions
  Aizul (Spider:3)
  4 balrugs
  A broodmother (Spider:4)
  10 ghost moths
  3 draconian annihilators
  5 cacodemons
  4 draconian stormcallers
  2 orc warlords
  3 draconian shifters
  A juggernaut skeleton (Depths:2)
  12 quicksilver oozes
  14 stone giants
  6 green draconians
  A caustic shrike skeleton (Depths:2)
  A vampire knight (Depths:2)
  5 black draconians
  20 very ugly things
  A lorocyproca (Abyss:4)
  7 spark wasps
  4 deep elf demonologists (Depths:3)
  2 yellow draconians
  2 red draconians
  7 purple draconians
  6 white draconians
  3 ettins
  2 blizzard demons (Depths:3)
  Josephine (D:11)
  3 entropy weavers
  8 jiangshi
  3 green deaths (Depths:3)
  2 merfolk javelineers (Shoals:4)
  8 fire dragons
  13 merfolk impalers
  2 great orbs of eyes
  13 ice dragons
  Harold (D:9)
  9 jorogumos
  3 rakshasas
  4 hydras
  A caustic shrike simulacrum (Depths:2)
  An ogre mage (Depths:2)
  2 demonspawn (Orc:2)
  A spriggan air mage (Depths:2)
  6 merfolk avatars
  3 ghost crabs (Depths:2)
  3 alligator snapping turtles
  A juggernaut simulacrum (Depths:2)
  A death knight (D:15)
  2 merfolk aquamancers (Shoals:4)
  4 radroaches
  6 deep troll earth magi
  A satyr (Shoals:3)
  4 catoblepae
  2 dancing weapons (D:13)
  A centaur warrior (D:13)
  4 tengu warriors
  3 two-headed ogres
  4 boulder beetles
  4 vampire magi
  8 deep troll shamans
  Urug (Lair:3)
  7 orc high priests (Orc:2)
  4 thrashing horrors
  4 soul eaters
  3 spriggan berserkers
  18 hell knights (Depths:3)
  A sun demon (D:3)
  A wretched star (Abyss:2)
  3 sixfirhies
  12 pharaoh ants
  11 large abominations
  2 flayed ghosts (Depths:2)
  5 skysharks
  12 sea snakes
  A sun moth (Spider:2)
  7 glowing orange brains
  20 iron trolls
  A salamander mystic (Depths:1)
  6 skeletal warriors
  10 orb spiders
  A shadow wraith (Abyss:2)
  22 deep trolls
  An obsidian statue (Depths:3)
  66 slime creatures
  Pikel (D:4)
  An orange crystal statue (D:8)
  2 deep elf zephyrmancers (Depths:2)
  A golden dragon skeleton (Depths:2)
  16 harpies
  5 steelbarb worms
  7 orc knights
  5 wizards
  A harpy (shapeshifter) (D:12)
  4 deep elf pyromancers
  A necromancer (Depths:1)
  A swamp dragon (Lair:5)
  7 orc sorcerers (Orc:2)
  13 wolf spiders
  4 shining eyes
  24 ugly things
  An oklob plant (Lair:4)
  7 cyclopes
  4 worldbinders
  16 manticores
  3 salamanders (Depths:1)
  A frost giant zombie (Depths:1)
  A salamander (shapeshifter) (D:15)
  9 fauns
  17 moths of wrath
  2 fire giant skeletons (Depths:1)
  9 black mambas
  2 apocalypse crabs
  6 merfolk sirens
  10 demonic crawlers
  4 eyes of devastation
  13 elephants
  3 ice statues
  Maurice (D:11)
  2 smoke demons
  2 torpor snails
  11 cane toads
  4 naga magi (Depths:2)
  2 rust devils
  Maggie (D:8)
  8 water nymphs
  A gargoyle (D:12)
  2 rime drakes
  A cane toad (shapeshifter) (D:12)
  An unseen horror (D:12)
  4 orange demons
  2 efreet
  2 kobold demonologists
  A freezing wraith (D:12)
  14 komodo dragons
  A komodo dragon (shapeshifter) (Abyss:2)
  3 tengu conjurers
  An anaconda simulacrum (Depths:2)
  2 red devils (Depths:3)
  3 yaktaurs (D:15)
  7 trolls
  An ancient zyme (Abyss:2)
  19 merfolk
  A merfolk (shapeshifter) (Depths:4)
  3 hornets (Depths:3)
  7 raiju
  7 meliai
  10 polar bears (Lair:5)
  6 wind drakes
  A blink frog (shapeshifter) (D:15)
  4 dream sheep (Shoals:1)
  11 blink frogs
  23 tarantellas
  10 snapping turtles
  An iron dragon simulacrum (Depths:2)
  4 flying skulls (Abyss:4)
  4 ynoxinuls
  37 jumping spiders
  2 shadows
  20 culicivoras
  64 yaks
  3 spriggans (Depths:3)
  Sigmund (D:4)
  11 water elementals
  A yak (shapeshifter) (D:13)
  An unseen horror simulacrum (D:8)
  10 basilisks
  5 wraiths
  A hog (Depths:2)
  Grum (D:9)
  7 wyverns
  4 humans (Depths:3)
  17 golden eyes
  2 neqoxecs
  4 chaos spawn
  3 steam dragons
  A redback (shapeshifter) (Depths:2)
  73 redbacks
  6 vampire mosquitoes (D:12)
  A harpy simulacrum (Depths:2)
  A glowing shapeshifter zombie (Depths:1)
  10 wargs
  4 acid dragons
  12 water moccasins
  4 floating eyes
  13 hell hounds (Lair:5)
  2 swamp drakes (Lair:5)
  13 black bears
  46 orc warriors
  A fire dragon simulacrum (Depths:2)
  5 ice beasts
  2 sky beasts (D:7)
  2 black mamba simulacra (Depths:2)
  5 ogres
  2 boggarts (Depths:2)
  A spriggan simulacrum (Depths:1)
  39 wolves
  13 centaurs
  4 phantoms
  3 lemures (D:4)
  4 kobold brigands
  8 bullfrogs
  3 necrophages
  3 gnoll sergeants
  2 earth elementals (Depths:2)
  6 scorpions
  4 wights (D:10)
  4 small abominations
  27 killer bees
  2 vampire bats
  2 electric eels
  A quasit (Abyss:2)
  4 hounds
  A jelly (D:7)
  7 iguanas
  26 orc priests
  An iron imp (Zot:1)
  13 orc wizards
  A troll simulacrum (Depths:2)
  8 ogre zombies (D:9)
  20 gnolls
  7 adders
  2 naga simulacra (Depths:2)
  2 shadow imps
  A white imp (D:8)
  A howler monkey simulacrum (D:8)
  2 ufetubi
  A worm (D:2)
  A dart slug (D:3)
  73 orcs
  8 ball pythons
  6 endoplasms
  A giant cockroach (D:4)
  21 goblins
  14 hobgoblins
  4 jackals (D:4)
  26 kobolds
  6 quokkas
  16 bats
  3 frilled lizards (D:1)
  2 goblin zombies (D:9)
  2 hobgoblin skeletons (D:9)
  5 hobgoblin zombies (D:9)
  3 orc skeletons (D:9)
  13 orc zombies (D:9)
  4 rats
  2 bushes (D:10)
  9 starspawn tentacles
  5 tentacles (Shoals:3)
1895 creatures vanquished.

Vanquished Creatures (others)
  A wizard (Depths:1)
  A jumping spider (Spider:1)
  A culicivora (Spider:3)
  An iguana (Lair:5)
  A kobold (D:8)
  11 fungi
  81 plants
  12 starspawn tentacles
  9 tentacles (Shoals:3)
118 creatures vanquished.

Grand Total: 2013 creatures vanquished

Notes
Turn   | Place    | Note
-------+----------+-------------------------------------------
     0 | D:1      | browni3141 the Hill Orc Gladiator began the quest for the
                  | Orb.
     0 | D:1      | Reached XP level 1. HP: 18/18 MP: 1/1
   259 | D:1      | Reached XP level 2. HP: 25/25 MP: 2/2
   313 | D:1      | Reached skill level 3 in Fighting
   788 | D:2      | Reached XP level 3. HP: 23/31 MP: 3/3
   984 | D:2      | Reached skill level 1 in Armour
  1844 | D:3      | Reached XP level 4. HP: 32/40 MP: 4/4
  1933 | D:3      | Found a hide-covered altar of Uskayaw.
  2298 | D:4      | Reached skill level 4 in Fighting
  2317 | D:4      | Reached XP level 5. HP: 43/46 MP: 5/5
  2336 | D:4      | Noticed a lemure
  2336 | D:4      | Noticed a lemure
  2585 | D:4      | Found an iron altar of Okawaru.
  2595 | D:4      | Noticed an ogre
  2599 | D:4      | Became a worshipper of Warmaster Okawaru
  2608 | D:4      | Killed an ogre
  2609 | D:4      | Reached XP level 6. HP: 31/53 MP: 6/6
  2772 | D:4      | Reached skill level 5 in Fighting
  3016 | D:4      | Reached * piety under Okawaru
  3019 | D:4      | Noticed Sigmund
  3157 | D:4      | Found a glowing golden altar of the Shining One.
  3326 | D:4      | Noticed Pikel
  3630 | D:4      | Killed Sigmund
  3631 | D:4      | Reached XP level 7. HP: 47/62 MP: 7/7
  3750 | D:4      | Killed Pikel
  3751 | D:4      | Reached skill level 6 in Fighting
  3751 | D:4      | Reached skill level 5 in Throwing
  3751 | D:4      | Reached XP level 8. HP: 41/71 MP: 8/8
  3874 | D:4      | Found a stormy altar of Qazlal.
  4183 | D:5      | Entered Level 5 of the Dungeon
  4235 | D:4      | Reached skill level 7 in Fighting
  4235 | D:4      | Reached skill level 1 in Invocations
  4448 | D:5      | Reached ** piety under Okawaru
  4505 | D:5      | Found an ancient bone altar of Kikubaaqudgha.
  4579 | D:5      | Found a radiant altar of Vehumet.
  4875 | D:5      | Reached XP level 9. HP: 81/81 MP: 11/11
  4910 | D:5      | Identified the +0 robe of Zin's Fury {Int+3}
  5025 | D:5      | Reached skill level 8 in Fighting
  5104 | D:5      | Found Ezaherah's Jewellery Shoppe.
  5220 | D:5      | Found an opulent altar of Gozag.
  5220 | D:5      | Found a sparkling altar of Nemelex Xobeh.
  5695 | D:6      | Found a broken altar of Ashenzari.
  5995 | D:7      | Reached skill level 5 in Invocations
  6030 | D:7      | Reached skill level 5 in Armour
  6196 | D:7      | HP: 4/82 [acid (6)]
  6211 | D:7      | Reached *** piety under Okawaru
  6472 | D:7      | Found a flagged portal.
  6497 | Bailey   | Entered a bailey
  6596 | Bailey   | Reached skill level 9 in Fighting
  6831 | Bailey   | Reached XP level 10. HP: 51/91 MP: 11/14
  6923 | Bailey   | Identified the +3 ring mail of the Earth {Rampage Regen+
                  | Int+3}
  7138 | Bailey   | Reached skill level 5 in Dodging
  7195 | Bailey   | Received a gift from Okawaru
  7235 | Bailey   | Noticed an orc warlord
  7325 | Bailey   | Killed an orc warlord
  7326 | Bailey   | Reached skill level 10 in Fighting
  7505 | D:7      | Identified the +1 pair of boots of Delightful Wonder
                  | {Dex+2}
  7560 | D:7      | Reached skill level 11 in Fighting
  7560 | D:7      | Reached skill level 10 in Invocations
  7560 | D:7      | Reached XP level 11. HP: 103/103 MP: 15/18
  7561 | D:7      | Reached skill level 12 in Fighting
  7561 | D:7      | Reached XP level 12. HP: 113/113 MP: 15/20
  7983 | D:6      | Found a staircase to the Ecumenical Temple.
  8596 | D:7      | Identified a scroll of acquirement
  8609 | D:6      | Acquired 964 gold pieces
  8762 | D:8      | Reached **** piety under Okawaru
  8769 | D:8      | Found a staircase to the Lair.
  8799 | D:8      | Noticed Maggie
  8809 | D:8      | Killed Maggie
  8809 | D:8      | Received a gift from Okawaru
  8827 | D:8      | Reached skill level 10 in Throwing
  9099 | D:8      | Found a blossoming altar of Fedhas.
  9243 | D:8      | Learned a level 1 spell: Apportation
  9304 | D:9      | Reached skill level 13 in Fighting
  9343 | D:9      | Noticed a soul eater
  9487 | D:9      | Noticed Harold
  9500 | D:9      | Killed Harold
  9501 | D:9      | Reached XP level 13. HP: 116/122 MP: 22/22
  9589 | D:9      | Received a gift from Okawaru
  9660 | D:9      | Found a staircase to the Orcish Mines.
  9776 | D:9      | Noticed Grum
  9780 | D:9      | Killed Grum
 10017 | Orc:1    | Entered Level 1 of the Orcish Mines
 10017 | Orc:1    | Found a roughly hewn altar of Beogh.
 10708 | Orc:2    | Entered Level 2 of the Orcish Mines
 10746 | Orc:2    | Found a runed translucent gate.
 10746 | Orc:2    | Found a runed translucent gate.
 10746 | Orc:2    | Found a runed translucent gate.
 10746 | Orc:2    | Found an iron altar of Okawaru.
 10746 | Orc:2    | Noticed a merfolk javelineer
 10746 | Orc:2    | Noticed BubbleThief's ghost (journeyman DsNe)
 10747 | Orc:2    | Noticed an orc warlord
 10821 | Orc:2    | Noticed Donald
 10821 | Orc:2    | Noticed Saint Roka
 10821 | Orc:2    | Noticed an orc warlord
 10967 | Lair:1   | Entered Level 1 of the Lair of Beasts
 11143 | Lair:1   | Found a radiant altar of Vehumet.
 11263 | Lair:1   | Got Sif Muna's Vellum of Variation and Dislocation
 11281 | Lair:1   | Reached skill level 14 in Fighting
 11338 | Lair:1   | Reached ***** piety under Okawaru
 12351 | Lair:2   | Received a gift from Okawaru
 12727 | Lair:2   | Received a gift from Okawaru
 13085 | Lair:3   | Reached XP level 14. HP: 130/133 MP: 24/24
 13234 | Lair:3   | You fall into a shaft and drop 1 floor!
 13297 | Lair:4   | Found a staircase to the Slime Pits.
 13315 | Lair:4   | Found a viscous altar of Jiyva.
 13448 | Lair:4   | Found a runed translucent door.
 13448 | Lair:4   | Found a shimmering altar of Xom.
 13448 | Lair:4   | Noticed Gayl's ghost (journeyman MiFi)
 13567 | Lair:4   | Reached skill level 15 in Fighting
 14056 | Lair:5   | Entered Level 5 of the Lair of Beasts
 14149 | Lair:5   | Reached skill level 15 in Invocations
 14162 | Lair:5   | Reached skill level 10 in Armour
 14168 | Lair:5   | Received a gift from Okawaru
 14444 | Lair:5   | Received a gift from Okawaru
 14468 | Lair:5   | Reached skill level 16 in Fighting
 14578 | Lair:5   | Reached ****** piety under Okawaru
 14630 | Lair:5   | Received a gift from Okawaru
 14693 | Lair:5   | Reached XP level 15. HP: 66/144 MP: 23/26
 15079 | Lair:5   | Identified the +3 ring mail of the Turtle {Str+3} (Okawaru
                  | gifted it to you on level 5 of the Lair of Beasts)
 15079 | Lair:5   | Received a gift from Okawaru
 15585 | Lair:3   | Found a hole to the Spider Nest.
 15967 | Lair:3   | Noticed Urug
 15981 | Lair:3   | Killed Urug
 16075 | Lair:3   | Found a staircase to the Shoals.
 16431 | Orc:2    | Killed Saint Roka
 16436 | Orc:2    | Killed Donald
 16437 | Orc:2    | Killed an orc warlord
 16438 | Orc:2    | Reached skill level 17 in Fighting
 16523 | Orc:2    | Found a roughly hewn altar of Beogh.
 16643 | Orc:2    | Found Zuxoot's General Store.
 16643 | Orc:2    | Found Moamului's Distillery.
 16720 | Orc:2    | Received a gift from Okawaru
 16742 | Orc:2    | Bought a potion of heal wounds for 65 gold pieces
 16784 | Orc:2    | Found a staircase to the Elven Halls.
 16907 | Orc:2    | Received a gift from Okawaru
 16913 | Orc:2    | Reached skill level 1 in Evocations
 17011 | Orc:2    | Gained mutation: You are frail. (-10% HP) [a neqoxec]
 17116 | Orc:2    | Found Owofih's Book Boutique.
 17116 | Orc:2    | Found Vewigaoq's Antique Weapon Shop.
 17117 | Orc:2    | Found a one-way gate leading to the halls of Pandemonium.
 17182 | Orc:2    | Lost mutation: You are frail. (-10% HP) [potion of
                  | mutation]
 17182 | Orc:2    | Gained mutation: You are clumsy. (Dex -2) [potion of
                  | mutation]
 17182 | Orc:2    | Gained mutation: You are dopey. (Int -2) [potion of
                  | mutation]
 17183 | Orc:2    | Lost mutation: You are dopey. (Int -2) [potion of mutation]
 17183 | Orc:2    | Lost mutation: You are clumsy. (Dex -2) [potion of
                  | mutation]
 17183 | Orc:2    | Gained mutation: You are somewhat resistant to further
                  | mutation. [potion of mutation]
 17211 | Orc:2    | Bought the +9 plate armour "Itommelu" {*Slow rN+ Str+3
                  | Slay+2} for 1236 gold pieces
 17213 | Orc:2    | Bought a potion of heal wounds for 65 gold pieces
 17213 | Orc:2    | Bought a potion of heal wounds for 65 gold pieces
 17213 | Orc:2    | Bought a potion of curing for 39 gold pieces
 17213 | Orc:2    | Bought a potion of resistance for 130 gold pieces
 17213 | Orc:2    | Bought a potion of berserk rage for 65 gold pieces
 17374 | D:5      | Bought an amulet of regeneration for 360 gold pieces
 17571 | Spider:1 | Entered Level 1 of the Spider Nest
 17730 | Spider:1 | Noticed an emperor scorpion
 17741 | Spider:1 | Killed an emperor scorpion
 17741 | Spider:1 | Received a gift from Okawaru
 17742 | Spider:1 | Reached XP level 16. HP: 157/157 MP: 25/27
 17976 | Spider:1 | Reached skill level 18 in Fighting
 18606 | Spider:2 | Noticed Asterion
 18610 | Spider:2 | Killed Asterion
 18667 | Spider:2 | Noticed Arachne
 18764 | Spider:2 | Killed Arachne
 18800 | Spider:2 | Reached skill level 5 in Evocations
 18880 | Spider:2 | Received a gift from Okawaru
 19013 | Spider:2 | Received a gift from Okawaru
 19077 | Spider:2 | Received a gift from Okawaru
 19783 | Shoals:1 | Entered Level 1 of the Shoals
 19783 | Shoals:1 | Noticed Mlioglotl
 19788 | Shoals:1 | Killed Mlioglotl
 19932 | Shoals:1 | Found Dodoaj's Assorted Antiques.
 20082 | Shoals:1 | Received a gift from Okawaru
 20430 | Shoals:2 | Reached XP level 17. HP: 124/166 MP: 27/29
 20550 | Shoals:2 | Identified the +3 flail of Icobef {heavy, Fragile Str+9
                  | Dex+2}
 20683 | Shoals:2 | Reached skill level 19 in Fighting
 20823 | Shoals:2 | Found Zig Con's Weapon Boutique.
 20881 | Shoals:2 | Reached skill level 10 in Dodging
 21136 | Shoals:3 | Reached skill level 15 in Throwing
 21507 | Shoals:3 | Noticed a kraken
 21507 | Shoals:3 | Noticed a kraken
 21524 | Shoals:3 | Killed a kraken
 21525 | Shoals:3 | Killed a kraken
 21597 | Shoals:3 | Identified the +0 scale mail of the Blue Moon {Dex-2
                  | Slay+5} (Okawaru gifted it to you on level 3 of the Shoals)
 21597 | Shoals:3 | Received a gift from Okawaru
 21964 | Shoals:4 | Entered Level 4 of the Shoals
 22116 | Shoals:4 | Found Mauffesh's Antique Weapon Boutique.
 22782 | Shoals:4 | Got a barnacled rune of Zot
 22810 | Shoals:4 | Found the +2 hood of the Assassin {Detect Stab+ Stlth++}
 22965 | Shoals:4 | Identified the +8 great mace "Uwaatta" {antimagic, Will+
                  | Int+3 Stlth+}
 23020 | Shoals:4 | Reached XP level 18. HP: 97/178 MP: 28/30
 23485 | Spider:3 | Received a gift from Okawaru
 23563 | Spider:3 | Noticed Aizul
 23593 | Spider:3 | Killed Aizul
 23597 | Spider:3 | Reached skill level 20 in Fighting
 24130 | Spider:4 | Entered Level 4 of the Spider Nest
 24422 | Spider:4 | Received a gift from Okawaru
 24437 | Spider:4 | Reached XP level 19. HP: 187/187 MP: 32/32
 24783 | Spider:4 | Received a gift from Okawaru
 25033 | Spider:4 | Received a gift from Okawaru
 25494 | Spider:4 | Received a gift from Okawaru
 25504 | Spider:4 | Identified the +3 long sword of Kined {freeze, rElec rN+++
                  | Str-3 Dex+4}
 26044 | Spider:4 | Got a gossamer rune of Zot
 26050 | Spider:4 | Identified the +1 pair of gloves "Kutiddon" {Stlth+}
 26180 | Spider:4 | Acquired 742 gold pieces
 26480 | D:10     | Entered Level 10 of the Dungeon
 26802 | D:10     | Found a bloodstained altar of Trog.
 26946 | D:10     | Found a white marble altar of Elyvilon.
 27365 | D:11     | Noticed Josephine
 27380 | D:11     | Killed Josephine
 27451 | D:11     | Noticed Maurice
 27461 | D:11     | Killed Maurice
 27466 | D:11     | Received a gift from Okawaru
 27578 | D:11     | Reached skill level 21 in Fighting
 28332 | D:12     | Reached XP level 20. HP: 194/198 MP: 33/33
 28453 | D:12     | Found Jutu's Antique Weapon Boutique.
 28462 | D:12     | Identified the +2 scale mail of Hedge Wizardry {Harm Will++
                  | Slay-2} (Okawaru gifted it to you on level 12 of the
                  | Dungeon)
 28462 | D:12     | Received a gift from Okawaru
 28918 | D:13     | Found a gate to the Vaults.
 28986 | D:13     | Found a radiant altar of Vehumet.
 29238 | D:13     | You fall into a shaft and drop 1 floor!
 30702 | D:15     | Entered Level 15 of the Dungeon
 30852 | D:15     | Got Junus's Discourse on the Autopsy and the Deep Freeze
 30950 | D:15     | Found a staircase to the Depths.
 30952 | D:15     | Noticed Roxanne
 30962 | D:15     | Killed Roxanne
 31143 | D:15     | Found a snail-covered altar of Cheibriados.
 31482 | Depths:1 | Entered Level 1 of the Depths
 31863 | Depths:1 | Received a gift from Okawaru
 31984 | Depths:1 | Found a one-way gate to the infinite horrors of the Abyss.
 32365 | Depths:1 | Reached skill level 22 in Fighting
 32457 | Depths:1 | Found a gateway to Hell.
 32547 | Depths:1 | Received a gift from Okawaru
 32847 | Depths:1 | Reached XP level 21. HP: 179/207 MP: 35/35
 33499 | Depths:2 | Reached skill level 15 in Armour
 33616 | Depths:2 | Received a gift from Okawaru
 33753 | Depths:2 | Gained mutation: You are clumsy. (Dex -2) [a neqoxec]
 33769 | Depths:2 | Got the Reference Book on Arson
 33855 | Depths:2 | Identified the +1 scale mail of Servitude {rElec rF+ Dex+3}
                  | (Okawaru gifted it to you on level 2 of the Depths)
 33855 | Depths:2 | Received a gift from Okawaru
 34021 | Depths:2 | Got the Secrets of the Icicle
 34544 | Depths:2 | Got Gofa's Compilation of the Xenotype
 34743 | Depths:2 | Got Leda's Vellum of Amathomancy
 35182 | Depths:2 | Noticed a bone dragon
 35199 | Depths:2 | Killed a bone dragon
 35200 | Depths:2 | Reached skill level 23 in Fighting
 35295 | Depths:2 | Got the Lessons on Unhallowed Secrets
 35325 | Depths:2 | Received a gift from Okawaru
 36302 | Depths:3 | Reached XP level 22. HP: 163/220 MP: 36/36
 36317 | Depths:3 | Received a gift from Okawaru
 36317 | Depths:3 | Found the +18 Lear's hauberk
 36428 | Depths:3 | Found a corrupted altar of Lugonu.
 36729 | Depths:3 | Reached skill level 10 in Evocations
 36869 | Depths:3 | Found a sparkling altar of Nemelex Xobeh.
 36998 | Abyss:2  | Found a corrupted altar of Lugonu.
 36998 | Abyss:2  | Cast into level 2 of the Abyss (a deep elf demonologist)
 37033 | Abyss:2  | Found a radiant altar of Vehumet.
 37033 | Abyss:2  | Found a corrupted altar of Lugonu.
 37174 | Abyss:2  | Reached skill level 24 in Fighting
 37481 | Abyss:3  | Received a gift from Okawaru
 37501 | Abyss:3  | Found a runed translucent door.
 37658 | Depths:3 | Escaped the Abyss
 37879 | Depths:3 | Received a gift from Okawaru
 37925 | Depths:3 | Found a burning altar of Makhleb.
 37941 | Depths:3 | Identified the +10 plate armour "Xasunlomm" {-Cast rF+
                  | rCorr}
 38289 | Depths:3 | Identified the +7 scale mail of the Thoughtful Towns {Fly
                  | Will+ Dex+2}
 38520 | Depths:3 | Identified the +3 demon blade of Libaz {pain, Will+}
 38728 | Depths:4 | Entered Level 4 of the Depths
 38950 | Depths:4 | Found a one-way gateway to a ziggurat.
 39063 | Depths:4 | Reached skill level 25 in Fighting
 39067 | Depths:4 | Reached XP level 23. HP: 60/234 MP: 19/37
 39407 | Depths:4 | Found a sacrificial altar of Ru.
 39679 | Depths:4 | Identified the +6 trident of Dried Tears {venom, rN+++
                  | Will- Dex+2} (Okawaru gifted it to you on level 4 of the
                  | Depths)
 39679 | Depths:4 | Received a gift from Okawaru
 39813 | Depths:4 | Found a shadowy altar of Dithmenos.
 40168 | Depths:4 | Found a gate to the Realm of Zot.
 40735 | Slime:1  | Entered Level 1 of the Pits of Slime
 41368 | Slime:5  | Entered Level 5 of the Pits of Slime
 41550 | Slime:5  | Noticed the Royal Jelly
 42048 | Slime:4  | Identified the +9 battleaxe of Xuwan {freeze, *Noise rElec
                  | Str+7} (Okawaru gifted it to you on level 4 of the Pits of
                  | Slime)
 42048 | Slime:4  | Received a gift from Okawaru
 42324 | Slime:4  | Reached skill level 26 in Fighting
 43215 | Slime:5  | Found a viscous altar of Jiyva.
 43216 | Slime:5  | Found the +5 demon whip "Spellbinder" {antimagic, disrupt,
                  | Will+}
 43350 | Slime:5  | Killed the Royal Jelly
 43501 | Slime:5  | Identified the ring of Wegg {EV+5 Slay+5}
 43502 | Slime:5  | Identified the amulet "Jiuz" {Spirit Fragile rF++ Str+3}
 43513 | Slime:5  | Got a slimy rune of Zot
 43562 | Slime:5  | Identified the ring "Beshreod" {Fly rPois rF+ rCorr Str-2}
 43584 | Slime:5  | Identified the amulet "Voith" {Faith rF+++ Will- Str+9
                  | Stlth-}
 43594 | Slime:5  | Identified the +5 trident of the Exceptional God {vamp,
                  | rElec rPois Str-3 SInv}
 45239 | Zot:1    | Entered Level 1 of the Realm of Zot
 45523 | Zot:1    | Received a gift from Okawaru
 45681 | Zot:1    | Identified the +5 scale mail of the Heavens {Dex+4 SInv}
 45999 | Zot:3    | Noticed a golden dragon
 46005 | Zot:3    | Noticed a golden dragon
 46008 | Zot:3    | Killed a golden dragon
 46008 | Zot:3    | Identified the +1 chain mail of Okawaru's Indignation
                  | {Drain +Inv Fly} (Okawaru gifted it to you on level 3 of
                  | the Realm of Zot)
 46008 | Zot:3    | Received a gift from Okawaru
 46016 | Zot:3    | Killed a golden dragon
 46017 | Zot:3    | Reached XP level 24. HP: 247/247 MP: 12/37
 46367 | Zot:3    | Noticed an orb of fire
 46370 | Zot:3    | Gained mutation: You are vulnerable to heat. (rF-) [an orb
                  | of fire]
 46374 | Zot:3    | Killed an orb of fire
 46392 | Zot:3    | Reached skill level 27 in Fighting
 46516 | Zot:3    | Noticed Aklawnof's ghost (legendary VSBe)
 46749 | Zot:5    | Entered Level 5 of the Realm of Zot
 47609 | Zot:5    | Noticed a curse toe
 47825 | Zot:5    | Noticed an orb of fire
 47831 | Zot:5    | Gained mutation: Armour fits poorly on your strangely
                  | shaped body. [an orb of fire]
 47831 | Zot:5    | Noticed an orb of fire
 47832 | Zot:5    | Killed an orb of fire
 47836 | Zot:5    | Killed an orb of fire
 47842 | Zot:5    | Received a gift from Okawaru
 47856 | Zot:5    | Noticed a dread lich
 47856 | Zot:5    | Noticed a Killer Klown
 47860 | Zot:5    | Killed a dread lich
 47861 | Zot:5    | Noticed a Killer Klown
 47869 | Zot:5    | Noticed a dread lich
 47874 | Zot:5    | Killed a Killer Klown
 47879 | Zot:5    | Killed a Killer Klown
 47881 | Zot:5    | Killed a dread lich
 47881 | Zot:5    | Received a gift from Okawaru
 47888 | Zot:5    | Noticed an orb of fire
 47894 | Zot:5    | Killed an orb of fire
 47901 | Zot:5    | Killed a curse toe
 47901 | Zot:5    | Received a gift from Okawaru
 47916 | Zot:5    | Noticed a Killer Klown
 47917 | Zot:5    | Noticed a dread lich
 47922 | Zot:5    | Killed a Killer Klown
 47924 | Zot:5    | Killed a dread lich
 47930 | Zot:5    | Noticed a curse toe
 47934 | Zot:5    | Killed a curse toe
 47935 | Zot:5    | Reached XP level 25. HP: 257/257 MP: 11/37
 48370 | Zot:5    | Received a gift from Okawaru
 48422 | Zot:5    | Noticed a Killer Klown
 48438 | Zot:5    | Killed a Killer Klown
 48608 | Zot:5    | Received a gift from Okawaru
 49289 | Zot:5    | Got the Orb of Zot
 49424 | Zot:1    | Noticed Xedeseo the pandemonium lord
 49429 | Zot:1    | Killed Xedeseo the pandemonium lord
 49816 | D:5      | Noticed Medus the pandemonium lord
 49823 | D:5      | Killed Medus the pandemonium lord
 49981 | D:$      | Escaped with the Orb!

Illustrated notes

Levels and vault maps discovered:
D:1:      dpeg_arrival_shelter, layout_loops_ring
D:2:      layout_basic
D:3:      layout_loops_ring, nicolae_uskayaw_dance_hall
D:4:      layout_basic, kennysheep_little_box, nicolae_qazlal_general_emergency,
          okawaru_ov_weapons_minmay, uniq_pikel, uniq_sigmund
D:5:      layout_loops_ring, grunt_temple_overflow_opulence,
          kiku_gazebo_garden_becter, mainiacjoe_overflow_cross_hatched,
          serial_shops, shop, minmay_quadrilaterals
D:6:      layout_layer_cave, nicolae_overflow_crystal_walls,
          minmay_temple_entry_purple_smoke
D:7:      statuecave_lemuel, layout_basic, enter_bailey_5, roderic_batcave,
          amcnicky_mini_pool_medium
D:8:      minmay_separated_statues, layout_rooms, mainiacjoe_overflow_alcove_4,
          hellmonk_lair_entry_icy, serial_ice, serial_ice_g, serial_ice_l,
          serial_ice_a, serial_ice_n, uniq_maggie
D:9:      layout_roguey, zombieorc2_lemuel, uniq_harold, uniq_grum
D:10:     layout_roguey, mainiacjoe_overflow_boulevard,
          trog_three_pillars_becter, nicolae_underground_beach
D:11:     layout_loops_cross, dreamdust_princess_corridor,
          dreamdust_wishing_well, minivault_16, uniq_maurice, uniq_josephine
D:12:     layout_loops_ring, serial_shops, shop, minivault_28
D:13:     layout_grid_maze, erik_vaults_1, vehumet_altar_wand_db
D:14:     layout_cave_pools
D:15:     grunt_enter_depths_giant_problem, layout_loops_ring,
          cheibriados_altar_1, uniq_roxanne
Lair:1:   layout_cave_pods, basic_altar
Lair:2:   layout_cave_pods, lemuel_fruit_fields, lemuel_fruit_tree,
          serial_bayou_shore_b
Lair:3:   layout_hall_layers, minmay_shoals_entry_hut,
          nicolae_spider_entry_lesser_pyramids, serial_bayou,
          serial_bayou_shore_a, serial_bayou_ford_a, serial_bayou_pond_d,
          serial_bayou_lake_a, chequers_serial_rivers_small_3,
          lemuel_fruit_fields, uniq_urug
Lair:4:   layout_loops_ring, minmay_slime_entry_eyes, ebering_ghost_xom,
          serial_bayou_shore_b
Lair:5:   hangedman_lair_caniforms_friends, layout_cave_shapes,
          guppyfry_lair_end_dragon, patterned_corridor,
          infiniplex_staircase_pool
Shoals:1: nicolae_shoals_offshore_bank_account, layout_shoals, serial_shops,
          nicolae_shop_waterfront, nicolae_shoals_loop_pool, uniq_mlioglotl
Shoals:2: layout_shoals, serial_shops, nicolae_shop_bloodbath_and_beyond
Shoals:3: layout_shoals
Shoals:4: shoals_end_simple, layout_shoals, serial_shops, shop
Spider:1: layout_spider_delve
Spider:2: layout_spider_delve, nicolae_spider_world_wide_web, uniq_arachne,
          uniq_asterion
Spider:3: nicolae_spider_mines_1, uniq_aizul
Spider:4: grunt_spider_rune_circles, nicolae_spider_jagged_tunnels
Slime:1:  layout_caves
Slime:2:  layout_caves, cheibrodos_slime_lost_civilization_7
Slime:3:  layout_caves, nicolae_slime_rock_hall_of_fame
Slime:4:  layout_caves, nicolae_slime_round_cave
Slime:5
Orc:1:    layout_caves, basic_altar, nicolae_orc_damp_corner
Orc:2:    pf_orc_diabolical, layout_caves, gammafunk_ghost_fury_of_okawaru,
          basic_altar, uniq_donald, uniq_saint_roka
Depths:1: layout_roguey, abyss_entry, pan_entry, ebering_dispersal_statue_hall,
          pf_hell_entry_tar_spiral, kennysheep_boxes
Depths:2: minmay_quantized_circle, layout_basic, pf_vacation_house_of_asmodeus,
          nicolae_concentric_dashed_squares_wild, serial_hangedman_research,
          hangedman_research_metamorphosis, hangedman_research_convocations,
          hangedman_research_thanatology, hangedman_research_thermodynamics,
          hangedman_research_geology, rand_demon_pan_entry_7,
          serial_bayou_pond_e, serial_bayou_shore_b
Depths:3: evilmike_makhleb_hellhole, layout_gridville,
          grunt_hell_entry_demonic_statue, nemelex_lonely_heart_becter,
          abyss_entry_flame_altar, minmay_staircase_bubble
Depths:4: grunt_twist_and_shout, layout_honeycomb, enter_ziggurat_b,
          nicolae_dithmenos_the_darkroom, hell_entry,
          nicolae_ru_great_annihilating_truth
Zot:1:    hellmonk_paralyzer, layout_basic
Zot:2:    layout_concentric_octagons, lemuel_baited_zot_trap, grunt_megastairs_3
Zot:3:    layout_misc_corridors, gammafunk_ghost_abyssal_escape,
          hangedman_zot_decor_slant
Zot:4:    circus_mu, layout_onion
Zot:5:    layout_misc_corridors, st_stairs_5

Skill      XL: |  1  2  3  4  5  6  7  8  9 10 11 12 13 14 15 16 17 18 19 20 21 22 23 24 25 |
---------------+----------------------------------------------------------------------------+-----
Throwing       | 2 3 4 5 7 8 9 10 11 12 13 14 15 16 17 18 | 18.0
Fighting       | 3 4 5 6 7 9 11 12 13 14 16 17 18 19 20 21 22 23 25 26 27 | 27.0
Armour         | 1 2 3 4 5 7 8 9 10 11 12 13 14 16 18 20 24 25 | 25.7
Dodging        | 3 4 5 6 7 8 9 10 11 | 11.5
Invocations    | 3 6 10 11 12 14 15 16 17 18 19 20 | 20.0
Evocations     | 2 5 6 9 10 | 10.0
Maces & Flails | |  3.2

Action                     |  1- 3 |  4- 6 |  7- 9 | 10-12 | 13-15 | 16-18 | 19-21 | 22-24 | 25-27 || total
---------------------------+-------+-------+-------+-------+-------+-------+-------+-------+-------++-------
  Melee: Flail             |   117 |   144 |    17 |       |       |       |       |       |       ||   278
         Punch             |     3 |     1 |     7 |     1 |       |       |       |     3 |     4 ||    19
         Falchion          |       |       |   344 |   104 |       |       |       |       |       ||   448
         Battleaxe         |       |       |       |   166 |   937 |   606 |   999 |   367 |       ||  3075
         Great mace        |       |       |       |       |       |       |       |   342 |       ||   342
         Demon whip        |       |       |       |       |       |       |       |   159 |    69 ||   228
  Throw: Dart              |       |    12 |    22 |     7 |       |     1 |       |     8 |     1 ||    51
         Javelin           |       |     2 |       |     2 |    51 |    83 |   180 |   469 |    71 ||   858
         Throwing net      |       |     3 |       |     1 |       |       |       |       |       ||     4
         Boomerang         |       |       |       |     8 |   126 |   275 |   234 |   259 |    98 ||  1000
 Invoke: Heroism           |       |     1 |     5 |     9 |    17 |    26 |    20 |    11 |     3 ||    92
         Finesse           |       |       |       |       |     1 |       |       |     5 |       ||     6
  Evoke: Wand              |       |       |     9 |     7 |     6 |    10 |     3 |    13 |       ||    48
         Condenser vane    |       |       |       |       |     2 |     6 |     6 |     2 |       ||    16
         Tin of tremorston |       |       |       |       |       |       |     4 |       |       ||     4
    Use: Scroll            |       |     5 |     6 |     9 |    12 |     7 |     3 |     7 |     1 ||    50
         Potion            |       |       |       |     3 |     2 |     3 |     5 |    16 |     3 ||    32
   Stab: Confused          |       |       |       |       |    13 |     3 |       |       |       ||    16
         Petrified         |       |       |       |       |     5 |       |     6 |       |       ||    11
         Paralysed         |       |       |       |       |       |       |       |     1 |       ||     1
         Invisible         |       |       |       |       |       |       |       |     2 |       ||     2
 Armour: Ring mail         |    18 |       |       |   112 |   527 |       |       |       |       ||   657
         Scale mail        |    40 |    82 |   209 |       |       |       |       |       |       ||   331
         Plate armour      |       |       |     8 |     9 |    74 |   849 |  1279 |  1190 |    81 ||  3490
  Dodge: Dodged            |    76 |   131 |   504 |   407 |  1854 |  1249 |  1748 |  1370 |    99 ||  7438

Table legend: (Time is in decaauts)
 A = Elapsed time spent in this place.
 B = Non-inter-level travel time spent in this place.
 C = Inter-level travel time spent in this place.
 D = Time resting spent in this place.
 E = Time spent auto-exploring this place.
 F = Levels seen in this place.
 G = Mean time per level.
                   A        B        C        D        E       F      G
               +--------+--------+--------+--------+--------+-----+--------+
         Total |  51837 |  46683 |   5154 |   5812 |  25393 |  48 | 1079.9 |
       Dungeon |  16388 |  14121 |   2267 |    803 |   9263 |  15 | 1092.5 |
          Lair |   6589 |   5639 |    950 |    306 |   3634 |   5 | 1317.8 |
        Shoals |   3827 |   3584 |    243 |    438 |   2065 |   4 |  956.8 |
   Spider Nest |   5284 |   4965 |    319 |    889 |   2522 |   4 | 1321.0 |
    Slime Pits |   3369 |   3094 |    275 |    826 |   1118 |   5 |  673.8 |
  Orcish Mines |   1770 |   1609 |    161 |    215 |    866 |   2 |  885.0 |
        Depths |   8886 |   8138 |    748 |   1040 |   4473 |   4 | 2221.5 |
           Zot |   4041 |   3852 |    189 |   1039 |   1406 |   5 |  808.2 |
         Abyss |    725 |    725 |      0 |     23 |      0 |   3 |  241.7 |
        Bailey |    954 |    954 |      0 |    230 |     44 |   1 |  954.0 |
               +--------+--------+--------+--------+--------+-----+--------+

Top non-repeatable levels by time:
Depths:2: 3032 daAuts
   Zot:5: 2360 daAuts
Depths:1: 2108 daAuts
Spider:4: 2093 daAuts
     D:4: 2031 daAuts
Depths:3: 1935 daAuts
Depths:4: 1810 daAuts
 Slime:4: 1802 daAuts
  Lair:5: 1586 daAuts
    D:13: 1490 daAuts
  Lair:2: 1390 daAuts
  Lair:1: 1341 daAuts
Shoals:4: 1299 daAuts
     D:6: 1271 daAuts
     D:5: 1261 daAuts
